 Seeded DCSS version 0.30.1-11-g7821555f0a (webtiles) character file.

Game seed: 10574354823592160604 (custom seed)

329095 Pooter the Executioner (level 20, 0/189 (191) HPs)
             Began as a Minotaur Berserker on Nov 19, 2023.
             Was the Champion of Trog.
             Slain by a +7 halberd of flaming (3 damage)
             ... animated by Zenata
             ... on level 1 of the Crypt on Nov 22, 2023.
             The game lasted 04:40:12 (86445 turns).

Pooter the Executioner (Minotaur Berserker)        Turns: 86445, Time: 04:40:12

HP:   0/189 (191)   AC: 41    Str: 36    XL:     20   Next: 82%
MP:   0/19          EV: 14    Int: 10    God:    Trog [******]
Gold: 3334          SH:  5    Dex: 17    Spells: 19/19 levels left

rFire   + . .        a - +4 executioner's axe (flame)
rCold   + . .        (shield currently unavailable)
rNeg    . . .        U - +11 gold dragon scales of the World {rPois rF+ rC+ Str+2 Int+2 Dex+2}
rPois   +            A - +2 hat
rElec   .            S - scarf {repulsion}
rCorr   .            z - +2 pair of gloves {infuse}
SInv    +            r - +2 pair of boots
Will    +....        o - amulet of reflection Stlth
                     m - +6 ring of strength
HPRegen 0.51/turn    H - +6 ring of dexterity
MPRegen 0.16/turn

%: repel missiles, reflection
@: mighty, on berserk cooldown, slowed, lightly drained, very slow
A: horns 2, retaliatory headbutt, hooves 1, see invisible, clever 1, clumsy 1,
sturdy frame 1
}: 2/15 runes: barnacled, gossamer
a: Renounce Religion, Berserk, Trog's Hand, Brothers in Arms


You were on level 1 of the Crypt.
You worshipped Trog.
Trog was exalted by your worship.
You visited 8 branches of the dungeon, and saw 37 of its levels.
You also visited: Sewer and Bailey.

You collected 7524 gold pieces.
You spent 4190 gold pieces at shops.

Inventory:

Hand Weapons
 a - a +4 executioner's axe of flaming (weapon)
   (Trog gifted it to you on level 3 of the Elven Halls)
 b - the +10 longbow of the Dead {drain, rElec}
   (You acquired it on level 9 of the Dungeon)

   rElec:     It insulates you from electricity.
 i - the +5 executioner's axe of the Orcish Mines {antimagic, rN+ Dex+4}
   (Trog gifted it to you on level 1 of the Elven Halls)

   Dex:       It affects your dexterity (+4).
   rN:        It protects you from negative energy.
 R - a +4 sacred scourge of holy wrath
   (You took it off an angel on level 2 of the Elven Halls)
Missiles
 n - 7 silver javelins
 p - 25 javelins
 M - 20 atropa-tipped darts
 Q - 5 curare-tipped darts
 T - 45 boomerangs (quivered)
Armour
 r - a +2 pair of boots (worn)
   (You found it on level 3 of the Dungeon)
 z - a +2 pair of gloves of infusion (worn)
   (You bought it in a shop on level 13 of the Dungeon)
 A - a +2 hat (worn)
   (You found it on level 3 of the Shoals)
 S - a scarf of repulsion (worn)
   (You found it on level 4 of the Spider Nest)
 U - the +11 gold dragon scales of the World (worn) {rPois rF+ rC+ Str+2 Int+2 Dex+2}
   (You bought it in a shop on level 7 of the Dungeon)

   Str:       It affects your strength (+2).
   Int:       It affects your intelligence (+2).
   Dex:       It affects your dexterity (+2).
   rF:        It protects you from fire.
   rC:        It protects you from cold.
   rPois:     It protects you from poison.
Jewellery
 m - a +6 ring of strength (left hand)
   (You found it on level 4 of the Lair of Beasts)
 o - an amulet of reflection (around neck)
   (You found it on level 2 of the Dungeon)
 u - a ring of flight
   (You found it on level 4 of the Dungeon)
 C - a ring of resist corrosion
   (You bought it in a shop on level 7 of the Dungeon)
 F - the ring "Uqih" {Wiz rF++ rN+ MP+9 Dex+2}
   (You took it off a tengu reaver on level 1 of the Vaults)

   [ring of wizardry]

   It improves your spell success rate.
   Dex:       It affects your dexterity (+2).
   rF:        It greatly protects you from fire.
   rN:        It protects you from negative energy.
   MP:        It affects your magic capacity (+9).
 H - a +6 ring of dexterity (right hand)
   (You found it on level 12 of the Dungeon)
 I - a ring of protection from cold
   (You found it on level 7 of the Dungeon)
 N - a ring of positive energy
   (You found it on level 3 of the Dungeon)
 V - an amulet of regeneration
   (You found it on level 1 of the Lair of Beasts)
Wands
 d - a wand of iceblast (21)
   (You took it off an orc on level 8 of the Dungeon)
 f - a wand of flame (54)
   (You took it off Grinder on level 5 of the Dungeon)
 l - a wand of quicksilver (57)
   (You found it on level 3 of the Lair of Beasts)
 x - a wand of charming (42)
   (You found it on level 3 of the Lair of Beasts)
 D - a wand of digging (14)
   (You found it on level 2 of the Dungeon)
 G - a wand of polymorph (15)
   (You found it on level 1 of the Lair of Beasts)
 J - a wand of mindburst (26)
   (You found it on level 11 of the Dungeon)
Scrolls
 j - 7 scrolls of magic mapping
 t - 11 scrolls of teleportation {@r4}
 y - 11 scrolls of poison {!r}
 B - 6 scrolls of immolation {!r}
 K - 6 scrolls of fog
 L - 3 scrolls of silence
 P - 2 scrolls of summoning
 X - 3 scrolls of blinking
Potions
 c - 13 potions of flight
 e - 9 potions of mutation {!q}
 g - 16 potions of curing {@q1}
 h - 5 potions of attraction {!q}
 k - 4 potions of resistance
 s - 22 potions of heal wounds {@q2}
 w - a potion of cancellation
 E - 6 potions of haste {@q3}
 O - 4 potions of might
 Y - 3 potions of invisibility
Miscellaneous
 q - a condenser vane
   (You found it on level 12 of the Dungeon)
 v - a box of beasts
   (You found it on level 5 of the Lair of Beasts)
 W - a lightning rod (4/4) {!a}
   (You found it on level 9 of the Dungeon)
 Z - a phial of floods
   (You found it on level 1 of the Lair of Beasts)


   Skills:
 + Level 19.1 Fighting
 - Level 24.0 Axes
 - Level 18.0 Ranged Weapons
 + Level 7.3 Throwing
 + Level 16.0 Armour
 + Level 11.4 Dodging
 - Level 14.7 Stealth
 - Level 10.7 Evocations


You had 19 spell levels left.
You didn't know any spells.
Your spell library was empty.

Dungeon Overview and Level Annotations

Branches:
Dungeon (15/15) Zot: 23458  Temple (0/1) D:7            Lair (5/5) D:10 Zot: 18816
 Shoals (4/4) Lair:3 Zot: 12309  Spider (4/4) Lair:3 Zot: 4986   Slime (0/5) Lair:4
    Orc (2/2) D:12 Zot: 2682     Elf (3/3) Orc:2 Zot: 7702  Vaults (3/5) D:13 Zot: 12270
  Crypt (1/3) Vaults:3 Zot: 5962  Depths (0/4) D:15          Sewer (visited)
 Bailey (visited)

Altars:
Ashenzari
Cheibriados
Dithmenos
Elyvilon
Fedhas
Hepliaklqana
Kikubaaqudgha
Okawaru
Sif Muna
Trog
Uskayaw
Vehumet
Wu Jian
Xom
Zin
The Shining One
Lugonu

Shops:
D:1 (   D:7 [*!   D:11 *:   D:13 *   D:14 [!   Orc:1 *   Orc:2 :*[(   Elf:1 ?
Vaults:1 (

Portals:
Abyss: Lair:5
Trove: D:12 (give +6 demon blade)

Annotations:
D:5 1 runed translucent door, Crazy Yiuf
Elf:2 3 runed translucent doors
Elf:3 exclusion: orange crystal statue
Crypt:1 Khufu, Zenata


Innate Abilities, Weirdness & Mutations

You have a pair of horns on your head.
You reflexively headbutt those who attack you in melee.
You have large cloven feet.
You have supernaturally acute eyesight. (SInv)
Your mind is acute. (Int +4, Str/Dex -1)
You are clumsy. (Dex -2)
Your movements are slightly less encumbered by armour. (ER -2)


Message History

The phantasmal warrior blinks!
Unknown command.
* * * LOW MAGIC WARNING * * *
You carve the shadow wraith like a ham!!!
You burn the shadow wraith.
You destroy the shadow wraith!
The shadow wraith disappears in a puff of smoke!
You closely miss the flying skull. You closely miss the ghoul.
The flying skull barely misses you. You furiously retaliate!
You headbutt the flying skull! The flying skull completely misses you.
You furiously retaliate!
You headbutt the flying skull!
You destroy the flying skull!
Trog accepts your kill.
Zenata sends weapons flying into battle!
You block the ghoul's attack. x2
The phantasmal warrior gestures at you.
The phantasmal warrior blinks!
You slice the vampire mage!! You burn the vampire mage!
You headbutt the vampire mage!
You destroy the vampire mage!
Trog accepts your kill.
Trog appreciates your killing of a magic user.
The phantasmal warrior disappears in a puff of smoke!
The mummy disappears in a puff of smoke!
The flying skull disappears in a puff of smoke!
The spriggan defender zombie disappears in a puff of smoke!
You hit the ghoul. You burn the ghoul. The ghoul claws you.
* * * LOW HITPOINT WARNING * * *
The ghoul claws you but does no damage.
The +7 halberd of flaming hits you from afar.
* * * LOW HITPOINT WARNING * * *
The +7 halberd of flaming burns you.
* * * LOW HITPOINT WARNING * * *
You barely miss the ghoul. Your headbutt misses the ghoul.
You slash the phantasmal warrior! You burn the phantasmal warrior.
You slice the necrophage!! You burn the necrophage.
You destroy the necrophage!
Trog accepts your kill.
The +7 halberd of flaming hits you from afar.
* * * LOW HITPOINT WARNING * * *
The ghoul closely misses you. You furiously retaliate!
You headbutt the ghoul! The ghoul claws you but does no damage.
Zenata sends weapons flying into battle!
The phantasmal warrior hits you.
* * * LOW HITPOINT WARNING * * *
The +3 vampiric broad axe misses you.
The +7 halberd of flaming hits you from afar!
* * * LOW HITPOINT WARNING * * *
The +7 halberd of flaming burns you.
You die...

####### .......
##############W.§....
.............@(z§....
##############n(.....
((..... a§(....
.((.... ..(....
..).... .......


You could see Zenata, a ghoul, a phantasmal warrior, a flying skull and 8
dancing weapons.

Vanquished Creatures
  Nikola (Shoals:4)
  Jorgrun (D:15)
  Rupert (Lair:4)
  A titan (Shoals:4)
  A lich (Vaults:2)
  2 deep elf blademasters (Elf:2)
  2 deep elf master archers (Elf:3)
  Kirke (Lair:4)
  A sphinx (Vaults:1)
  A tengu reaver (Vaults:1)
  The ghost of rozman the Spry, an adept BaMo of Cheibriados (Shoals:2)
  3 emperor scorpions
  7 vault wardens
  4 ghost moths
  3 deep elf sorcerers
  A fire giant (Vaults:1)
  2 angels (Elf:2)
  2 ghouls (Crypt:1)
  7 deep elf elementalists (Elf:3)
  An orc warlord (Orc:2)
  3 war gargoyles
  7 ironbound preservers
  A broodmother (Spider:1)
  4 very ugly things (Vaults:1)
  An ironbound thunderhulk (Vaults:1)
  6 deep elf annihilators
  Nessos (D:15)
  A stone giant (Vaults:1)
  Azrael (D:12)
  5 deep elf demonologists
  A minotaur (Lair:1)
  7 dire elephants
  Snorg (Orc:2)
  2 spark wasps
  Josephine (Lair:4)
  An ettin (Orc:1)
  2 jiangshi (Crypt:1)
  4 deep elf death magi
  7 merfolk javelineers
  12 merfolk impalers
  3 yaktaur captains (Vaults:2)
  2 great orbs of eyes
  2 ice dragons (D:15)
  2 entropy weavers
  4 hydras
  A peacekeeper (Vaults:2)
  3 deep elf high priests (Elf:3)
  4 merfolk avatars
  Fannar (Orc:1)
  2 catoblepae
  A jorogumo (Spider:3)
  An ogre mage (D:12)
  Erolcha (D:9)
  Erica (Orc:1)
  7 two-headed ogres
  A death knight (Crypt:1)
  An alligator snapping turtle (Shoals:3)
  6 ironbound frosthearts
  8 merfolk aquamancers
  6 centaur warriors
  19 dancing weapons
  3 radroaches (Spider:3)
  3 satyrs
  A tengu warrior (D:15)
  Urug (Orc:1)
  6 boulder beetles
  5 orc high priests
  5 death yaks
  4 thrashing horrors (Lair:5)
  A vampire mage (Crypt:1)
  14 deep elf knights
  A sun demon (D:15)
  3 skysharks
  8 skeletal warriors (D:15)
  2 pharaoh ants
  23 deep trolls
  9 sea snakes
  A flayed ghost (Crypt:1)
  9 orb spiders
  A glowing orange brain (Vaults:2)
  19 deep elf archers
  3 wizards
  8 ironbound convokers
  Pikel (D:6)
  13 lindwurms
  31 harpies
  25 deep elf zephyrmancers
  2 phantasmal warriors
  27 deep elf pyromancers
  4 necromancers
  6 orc knights
  16 wolf spiders
  An oklob plant (Lair:4)
  4 orc sorcerers (Orc:2)
  4 steelbarb worms
  14 fauns
  17 ugly things
  A fire giant zombie (Vaults:2)
  5 cyclopes
  16 manticores
  A frost giant skeleton (Vaults:2)
  2 human skeletons (Vaults:2)
  7 elephants
  2 stone giant skeletons (Vaults:2)
  3 moths of wrath
  8 merfolk sirens
  Joseph (D:9)
  4 black mambas
  31 slime creatures
  8 water nymphs
  13 demonic crawlers
  A black mamba (shapeshifter) (D:14)
  17 cane toads
  3 vault sentinels
  2 gargoyles
  6 torpor snails
  4 rime drakes
  7 komodo dragons
  2 unseen horrors (D:12)
  2 ancient zymes (Lair:5)
  A freezing wraith (Vaults:3)
  An efreet (D:15)
  A yaktaur skeleton (Vaults:2)
  18 yaktaurs
  An ice devil (D:15)
  3 tyrant leeches (D:12)
  3 meliai (Spider:1)
  A troll (shapeshifter) (D:15)
  5 trolls
  34 merfolk
  2 polar bears
  14 wind drakes
  A hornet (shapeshifter) (D:13)
  A wind drake (shapeshifter) (Lair:5)
  21 blink frogs
  Grinder (D:5)
  21 tarantellas
  6 hornets
  An ettin zombie (Vaults:2)
  3 dream sheep (Shoals:2)
  7 snapping turtles
  2 large abominations (Lair:5)
  5 flying skulls (Crypt:1)
  Sigmund (D:4)
  27 jumping spiders
  5 spriggans
  25 water elementals
  2 hogs (Lair:3)
  A shadow (D:11)
  5 wraiths
  22 culicivoras
  A spriggan (shapeshifter) (Lair:5)
  8 air elementals
  9 wyverns
  6 fire elementals
  A steam dragon (D:7)
  4 chaos spawn (Lair:5)
  11 basilisks
  2 fire bats (D:12)
  26 yaks
  Eustachio (D:5)
  A hog (shapeshifter) (D:13)
  8 vampire mosquitoes
  8 wargs
  45 redbacks
  An elf skeleton (Vaults:2)
  3 swamp worms (Lair:5)
  5 acid dragons
  An ogre zombie (Vaults:2)
  8 small abominations (Lair:5)
  5 hell hounds (D:12)
  19 water moccasins
  3 ice beasts
  34 orc warriors
  2 sky beasts
  15 ogres
  An ice beast (shapeshifter) (Elf:3)
  9 wolves
  3 boggarts (D:15)
  13 centaurs
  2 kobold brigands
  2 phantoms
  10 bullfrogs
  3 earth elementals
  A necrophage (Crypt:1)
  13 scorpions
  17 killer bees
  2 vampire bats (D:12)
  4 howler monkeys
  An electric eel (Spider:4)
  4 crimson imps (D:15)
  2 hounds
  15 jellies
  28 orc priests
  3 iguanas
  2 gnoll boudas
  22 orc wizards
  A sickly merfolk siren (Sewer)
  A sleepcap (D:4)
  2 hell rats (D:12)
  A malarious merfolk avatar (Sewer)
  2 mummies (Crypt:1)
  14 gnolls
  7 river rats
  12 adders
  3 shadow imps
  4 white imps (D:15)
  12 worms
  4 dart slugs
  79 orcs
  11 ball pythons
  11 bats
  7 endoplasms
  15 giant cockroaches
  8 goblins
  6 hobgoblins
  4 jackals (D:2)
  14 kobolds
  3 quokkas
  5 frilled lizards
  32 rats
  A fire vortex (D:15)
1512 creatures vanquished.

Vanquished Creatures (collateral kills)
  An emperor scorpion (Spider:4)
  An ironbound preserver (Vaults:1)
  3 merfolk javelineers (Shoals:4)
  A merfolk impaler (Shoals:4)
  A boulder beetle (Vaults:1)
  2 deep trolls (Vaults:1)
  An ugly thing (Lair:5)
  A faun (Shoals:4)
  A vault sentinel (Vaults:1)
  A water elemental (Shoals:4)
13 creatures vanquished.

Vanquished Creatures (others)
  A sea snake (Shoals:4)
  A harpy (Lair:3)
  3 humans (Lair:4)
  A redback (Spider:4)
  A gnoll sergeant (D:7)
  An orc (Vaults:1)
8 creatures vanquished.

Grand Total: 1533 creatures vanquished

Notes
Turn   | Place    | Note
-------+----------+-------------------------------------------
     0 | D:1      | Pooter the Minotaur Berserker began the quest for the Orb.
     0 | D:1      | Reached XP level 1. HP: 19/19 MP: 0/0
   134 | D:1      | Reached XP level 2. HP: 27/27 MP: 1/1
   170 | D:1      | Reached skill level 4 in Axes
   172 | D:1      | Reached skill level 1 in Stealth
   341 | D:1      | Found Usoro's Weapon Shoppe.
   522 | D:1      | Bought a +0 war axe for 38 gold pieces
   797 | D:2      | Reached XP level 3. HP: 26/33 MP: 2/2
   863 | D:2      | Reached ** piety under Trog
  1289 | D:2      | Reached XP level 4. HP: 38/40 MP: 3/3
  1347 | D:2      | Reached skill level 10 in Axes
  1347 | D:2      | Reached skill level 5 in Stealth
  1347 | D:2      | Reached XP level 5. HP: 46/46 MP: 4/4
  1595 | D:3      | Found a hazy altar of Hepliaklqana.
  1653 | D:3      | Gained mutation: You have a pair of large horns on your
                  | head. [potion of mutation]
  1653 | D:3      | Gained mutation: Your movements are slightly less
                  | encumbered by armour. (ER -2) [potion of mutation]
  1653 | D:3      | Gained mutation: You are partially covered in iridescent
                  | scales. (AC +2) [potion of mutation]
  1653 | D:3      | Gained mutation: You are somewhat resistant to further
                  | mutation. [potion of mutation]
  1952 | D:4      | Found a snail-covered altar of Cheibriados.
  1967 | D:4      | Reached XP level 6. HP: 53/53 MP: 5/5
  2179 | D:4      | Reached *** piety under Trog
  2207 | D:4      | Noticed Sigmund
  2220 | D:4      | Killed Sigmund
  2221 | D:4      | Reached skill level 11 in Axes
  2221 | D:4      | Reached skill level 1 in Ranged Weapons
  2221 | D:4      | Reached XP level 7. HP: 60/60 MP: 6/6
  2868 | D:4      | Found an ornate altar of the Wu Jian Council.
  3080 | D:5      | Entered Level 5 of the Dungeon
  3247 | D:5      | Found a glowing drain.
  3251 | Sewer    | Entered a sewer
  3722 | D:5      | Noticed a wyvern
  3728 | D:5      | Killed a wyvern
  3729 | D:5      | Reached skill level 5 in Fighting
  3791 | D:5      | Reached XP level 8. HP: 62/68 MP: 7/7
  4124 | D:5      | Noticed Eustachio
  4135 | D:5      | Killed Eustachio
  4285 | D:5      | Found a shadowy altar of Dithmenos.
  4351 | D:5      | Noticed Grinder
  4353 | D:5      | Paralysed by Grinder for 5 turns
  4362 | D:5      | Killed Grinder
  4363 | D:5      | Reached skill level 12 in Axes
  4434 | D:5      | Found a shimmering blue altar of Sif Muna.
  4439 | D:5      | Reached XP level 9. HP: 72/75 MP: 8/8
  4507 | D:5      | Found a runed translucent door.
  4508 | D:5      | Noticed Crazy Yiuf
  4904 | D:6      | Noticed Pikel
  4916 | D:6      | Killed Pikel
  5040 | D:6      | Found a glowing silver altar of Zin.
  5999 | D:7      | Found Basiminla's Distillery.
  6002 | D:7      | Bought a potion of heal wounds for 60 gold pieces
  6002 | D:7      | Bought a potion of curing for 36 gold pieces
  6002 | D:7      | Bought a potion of might for 48 gold pieces
  6002 | D:7      | Bought 2 potions of heal wounds for 120 gold pieces
  6002 | D:7      | Bought a potion of heal wounds for 60 gold pieces
  6030 | D:7      | Found a flagged portal.
  6033 | D:7      | Reached **** piety under Trog
  6054 | Bailey   | Entered a bailey
  6686 | Bailey   | Reached XP level 10. HP: 61/84 MP: 9/9
  6715 | Bailey   | Reached skill level 13 in Axes
  7029 | Bailey   | Identified the +2 acid dragon scales of the Dwarven Hall
                  | {Will+ rCorr Dex+3 Slay+2}
  7276 | Bailey   | Noticed a two-headed ogre
  7285 | Bailey   | Killed a two-headed ogre
  7286 | Bailey   | Reached skill level 5 in Ranged Weapons
  8222 | D:7      | Found Ditah's Assorted Antiques.
  8236 | D:7      | Bought a scroll labelled BIOGIA WYUHAU for 27 gold pieces
  8407 | D:7      | Found a staircase to the Ecumenical Temple.
  8494 | D:7      | Found Feguo's Armour Boutique.
  8610 | D:7      | Found a white marble altar of Elyvilon.
  8966 | D:8      | Found a shimmering altar of Xom.
  8972 | D:8      | Noticed a two-headed ogre
  8978 | D:8      | Killed a two-headed ogre
  8983 | D:8      | Found an ancient bone altar of Kikubaaqudgha.
  8986 | D:8      | Found a hide-covered altar of Uskayaw.
  8987 | D:8      | Found a bloodstained altar of Trog.
  8991 | D:8      | Found an iron altar of Okawaru.
  9191 | D:8      | Reached skill level 10 in Stealth
  9500 | D:9      | Noticed Erolcha
  9513 | D:9      | Killed Erolcha
  9514 | D:9      | Reached XP level 11. HP: 47/93 MP: 10/10
  9700 | D:9      | Noticed Joseph
  9737 | D:9      | Reached skill level 14 in Axes
 10414 | D:9      | Found a broken altar of Ashenzari.
 10414 | D:9      | Found a radiant altar of Vehumet.
 10524 | D:9      | Killed Joseph
 10761 | D:9      | Identified 4 scrolls of acquirement
 10761 | D:9      | Acquired the +10 longbow of the Dead {drain, rElec}
 10763 | D:9      | Acquired 514 gold pieces
 10765 | D:9      | Acquired 726 gold pieces
 10767 | D:9      | Acquired 1114 gold pieces
 10838 | D:7      | Bought slimy gold dragon scales for 2295 gold pieces
 10838 | D:7      | Identified the +11 gold dragon scales of the World {rPois
                  | rF+ rC+ Str+2 Int+2 Dex+2} (You bought it in a shop on
                  | level 7 of the Dungeon)
 10838 | D:7      | Bought an onyx ring for 135 gold pieces
 10838 | D:7      | Bought an orange potion for 24 gold pieces
 11115 | D:10     | Entered Level 10 of the Dungeon
 11466 | D:10     | Found a staircase to the Lair.
 12894 | Lair:1   | Entered Level 1 of the Lair of Beasts
 13231 | Lair:1   | Found a blossoming altar of Fedhas.
 13423 | Lair:1   | Found a runed translucent door.
 13611 | Lair:1   | Reached skill level 15 in Axes
 13611 | Lair:1   | Reached XP level 12. HP: 105/105 MP: 11/11
 13698 | Lair:1   | Reached skill level 10 in Ranged Weapons
 14105 | Lair:1   | Noticed a minotaur
 14112 | Lair:1   | Killed a minotaur
 14348 | Lair:2   | Noticed a seven-headed hydra
 14359 | Lair:2   | Killed a seven-headed hydra
 14365 | Lair:2   | Reached skill level 10 in Fighting
 15538 | Lair:3   | Identified the +1 robe of the Pits of Slime {rElec rPois
                  | Dex+4 SInv}
 15877 | Lair:3   | Found a staircase to the Shoals.
 15978 | Lair:3   | Found a hole to the Spider Nest.
 16340 | Lair:3   | Reached skill level 16 in Axes
 16352 | Lair:4   | Noticed Kirke
 16377 | Lair:4   | Killed Kirke
 16378 | Lair:4   | Reached skill level 1 in Evocations
 16378 | Lair:4   | Reached XP level 13. HP: 116/116 MP: 12/12
 16439 | Lair:4   | Noticed Rupert
 16454 | Lair:4   | Killed Rupert
 16454 | Lair:4   | Noticed Josephine
 16532 | Lair:4   | Killed Josephine
 16872 | Lair:4   | Found a staircase to the Slime Pits.
 17659 | Lair:5   | Entered Level 5 of the Lair of Beasts
 22383 | Lair:5   | Reached XP level 14. HP: 124/126 MP: 13/13
 22974 | Lair:5   | Reached skill level 17 in Axes
 23228 | Lair:5   | Found a corrupted altar of Lugonu.
 23228 | Lair:5   | Found a one-way gate to the infinite horrors of the Abyss.
 23695 | D:11     | Identified the +7 quarterstaff of Pestilence {vamp, rC+ rN+
                  | MP+9}
 23834 | D:11     | Found Bixiqiwk's General Store.
 23844 | D:11     | Bought a scroll of identify for 32 gold pieces
 23945 | D:11     | Found Woucutwo's Vocational Training.
 24444 | D:12     | Found a staircase to the Orcish Mines.
 24537 | D:12     | Noticed Azrael
 24545 | D:12     | Reached skill level 5 in Evocations
 24566 | D:12     | Killed Azrael
 24774 | D:12     | Found a portal to a secret trove of treasure.
 24911 | D:12     | Reached ***** piety under Trog
 24929 | D:12     | Reached skill level 10 in Armour
 25118 | D:12     | Reached skill level 15 in Ranged Weapons
 25190 | D:12     | Identified the +5 ring mail of the Bull {Drain rF++ Str+4
                  | Stlth+}
 26064 | Orc:1    | Entered Level 1 of the Orcish Mines
 26075 | Orc:1    | Noticed Erica
 26084 | Orc:1    | Killed Erica
 26092 | Orc:1    | Noticed Fannar
 26104 | Orc:1    | Killed Fannar
 26744 | Orc:1    | Received a gift from Trog
 26924 | Orc:1    | Found Notecun's Overcharged Wands.
 26979 | Orc:1    | Noticed Urug
 26999 | Orc:1    | Killed Urug
 27351 | Orc:2    | Entered Level 2 of the Orcish Mines
 28329 | Orc:2    | Found a staircase to the Elven Halls.
 29158 | Orc:2    | Reached XP level 15. HP: 136/136 MP: 14/14
 31110 | Orc:2    | Noticed Snorg
 31118 | Orc:2    | Killed Snorg
 31118 | Orc:2    | Received a gift from Trog
 31797 | Orc:2    | Paralysed by an orc sorcerer for 4 turns
 34992 | Orc:2    | Found Miosasa's General Store.
 34993 | Orc:2    | Found Pacleo's Book Emporium.
 34995 | Orc:2    | Found Diba Qobb's Antique Armour Shoppe.
 34995 | Orc:2    | Found Keriz's Antique Weapon Shoppe.
 35010 | Orc:2    | Bought a wand of mindburst (8) for 168 gold pieces
 35010 | Orc:2    | Bought a wand of quicksilver (4) for 252 gold pieces
 35010 | Orc:2    | Bought a scroll of poison for 60 gold pieces
 35010 | Orc:2    | Bought a scroll of enchant weapon for 112 gold pieces
 35470 | D:13     | Found Piple's Assorted Antiques.
 35479 | D:13     | Bought a pair of embroidered gloves for 285 gold pieces
 35514 | D:13     | You fall into a shaft and drop 2 floors!
 35514 | D:15     | Entered Level 15 of the Dungeon
 36295 | D:13     | Found a gate to the Vaults.
 36593 | D:13     | Reached skill level 18 in Axes
 37198 | D:14     | Found Yfuxuf's Distillery.
 37236 | D:14     | Bought a potion of might for 60 gold pieces
 37236 | D:14     | Bought a potion of heal wounds for 75 gold pieces
 37236 | D:14     | Bought a potion of heal wounds for 75 gold pieces
 37565 | D:14     | Found a transporter.
 37567 | D:14     | Found Unoivaf's Antique Armour Emporium.
 37569 | D:14     | Found a transporter.
 38053 | D:15     | Noticed Jorgrun
 38064 | D:15     | Killed Jorgrun
 38281 | D:15     | Found a staircase to the Depths.
 38536 | D:15     | Found a blossoming altar of Fedhas.
 38689 | D:15     | Noticed Nessos
 38699 | D:15     | Killed Nessos
 39112 | Elf:1    | Entered Level 1 of the Elven Halls
 39274 | Elf:1    | Reached XP level 16. HP: 147/147 MP: 13/15
 39398 | Elf:1    | Identified the +5 executioner's axe of the Orcish Mines
                  | {antimagic, rN+ Dex+4} (Trog gifted it to you on level 1 of
                  | the Elven Halls)
 39398 | Elf:1    | Received a gift from Trog
 39763 | Elf:1    | Found Idicup's Magic Scroll Emporium.
 39768 | Elf:1    | Bought a scroll of magic mapping for 90 gold pieces
 39768 | Elf:1    | Bought a scroll of magic mapping for 90 gold pieces
 39768 | Elf:1    | Bought a scroll of poison for 48 gold pieces
 40318 | Elf:1    | Paralysed by an air elemental for 1 turns
 40320 | Elf:1    | Paralysed by an air elemental for 1 turns
 40323 | Elf:1    | Paralysed by an air elemental for 1 turns
 41726 | Elf:2    | Reached skill level 19 in Axes
 41746 | Elf:2    | Found a glowing silver altar of Zin.
 41746 | Elf:2    | Found a crumbling gateway.
 41746 | Elf:2    | Found a white marble altar of Elyvilon.
 41789 | Elf:2    | Found a glowing golden altar of the Shining One.
 41819 | Elf:2    | Reached skill level 15 in Fighting
 41936 | Elf:2    | Found a runed translucent gate.
 41937 | Elf:2    | Found a runed translucent gate.
 41937 | Elf:2    | Found a runed translucent gate.
 42048 | Elf:2    | Paralysed by an air elemental for 1 turns
 42801 | Elf:3    | Entered Level 3 of the Elven Halls
 42917 | Elf:3    | Received a gift from Trog
 43183 | Elf:3    | Identified the staff of poison "Cosa" {rElec rPois Int+3
                  | SInv}
 43274 | Elf:3    | Reached XP level 17. HP: 148/156 MP: 4/16
 43677 | Elf:3    | Noticed a deep elf blademaster
 43679 | Elf:3    | Noticed a Hell Sentinel
 43698 | Elf:2    | Killed a deep elf blademaster
 43756 | Elf:3    | Noticed a Brimstone Fiend
 43939 | Elf:3    | Reached skill level 20 in Axes
 44172 | Elf:3    | Noticed a Tzitzimitl
 44495 | Elf:3    | Identified the +1 mace of the Hummingbird {flame, rN+ SInv}
 44850 | Elf:3    | Noticed a deep elf master archer
 45061 | Elf:3    | Killed a deep elf master archer
 45724 | Elf:3    | Noticed a deep elf blademaster
 45727 | Elf:3    | Noticed a deep elf master archer
 45739 | Elf:2    | Killed a deep elf blademaster
 45802 | Elf:3    | Killed a deep elf master archer
 47616 | Elf:3    | Reached skill level 5 in Dodging
 49557 | Spider:1 | Entered Level 1 of the Spider Nest
 52482 | Spider:2 | Lost mutation: You are partially covered in iridescent
                  | scales. (AC +2) [potion of mutation]
 52482 | Spider:2 | Lost mutation: You are somewhat resistant to further
                  | mutation. [potion of mutation]
 52482 | Spider:2 | Lost mutation: You have a pair of large horns on your head.
                  | [potion of mutation]
 52482 | Spider:2 | Gained mutation: Your mind is acute. (Int +4, Str/Dex -1)
                  | [potion of mutation]
 52482 | Spider:2 | Gained mutation: You are clumsy. (Dex -2) [potion of
                  | mutation]
 52482 | Spider:2 | Gained mutation: You have large cloven feet. [potion of
                  | mutation]
 52482 | Spider:2 | Gained mutation: You have supernaturally acute eyesight.
                  | (SInv) [potion of mutation]
 61372 | Spider:3 | Reached skill level 21 in Axes
 61662 | Spider:3 | Reached XP level 18. HP: 168/168 MP: 2/17
 62591 | Spider:4 | Entered Level 4 of the Spider Nest
 65066 | Spider:4 | Reached skill level 10 in Evocations
 66646 | Spider:4 | Received a gift from Trog
 68027 | Spider:4 | Got a gossamer rune of Zot
 68612 | Shoals:1 | Entered Level 1 of the Shoals
 70809 | Shoals:2 | Reached skill level 22 in Axes
 72704 | Shoals:2 | Found a runed translucent door.
 72704 | Shoals:2 | Found a shimmering altar of Xom.
 72704 | Shoals:2 | Noticed rozman's ghost (adept BaMo)
 73280 | Shoals:2 | Killed rozman's ghost
 73502 | Shoals:3 | Reached XP level 19. HP: 123/177 MP: 18/18
 74438 | Shoals:4 | Entered Level 4 of the Shoals
 74463 | Shoals:4 | Paralysed by an air elemental for 1 turns
 74470 | Shoals:4 | Reached skill level 1 in Throwing
 76763 | Shoals:4 | Paralysed by an air elemental for 1 turns
 77655 | Shoals:4 | Noticed Nikola
 77672 | Shoals:4 | Killed Nikola
 78126 | Shoals:4 | Paralysed by an air elemental for 1 turns
 79108 | Shoals:4 | Received a gift from Trog
 79569 | Shoals:4 | Reached skill level 23 in Axes
 79799 | Shoals:4 | Got a barnacled rune of Zot
 80603 | Vaults:1 | Entered Level 1 of the Vaults
 81589 | Vaults:1 | Received a gift from Trog
 82768 | Vaults:1 | Reached XP level 20. HP: 186/186 MP: 2/19
 82771 | Vaults:1 | Identified the ring "Uqih" {Wiz rF++ rN+ MP+9 Dex+2}
 82893 | Vaults:1 | Identified the +2 ring mail "Ugyoteli" {Harm rCorr}
 82902 | Vaults:1 | Identified the +4 ring mail of Doos {rElec rF+}
 82903 | Vaults:1 | Identified the staff of fire "Ydeum" {rElec rPois rF+ rC++
                  | Dex-5}
 83030 | Vaults:1 | Reached skill level 5 in Throwing
 83199 | Vaults:1 | Reached skill level 10 in Dodging
 83428 | Vaults:1 | Reached skill level 15 in Armour
 83428 | Vaults:1 | Found Bougiud's Weapon Boutique.
 84649 | Vaults:2 | Reached skill level 24 in Axes
 84729 | Vaults:2 | Received a gift from Trog
 85776 | Vaults:2 | Identified the +10 mace "Omuser" {pain, rN+ Will+ Int+3
                  | Dex+3}
 85900 | Vaults:2 | Identified the ring "Yliecoo" {MP+9 SInv}
 86003 | Vaults:2 | Reached ****** piety under Trog
 86396 | Vaults:3 | Found a staircase to the Crypt.
 86405 | Crypt:1  | Entered Level 1 of the Crypt
 86405 | Crypt:1  | Found an ancient bone altar of Kikubaaqudgha.
 86405 | Crypt:1  | Noticed Zenata
 86405 | Crypt:1  | Noticed Khufu
 86405 | Crypt:1  | Noticed a royal mummy
 86409 | Crypt:1  | Noticed an ancient lich
 86445 | Crypt:1  | HP: 3/189 [+7 halberd of flaming[Zenata] (15)]
 86445 | Crypt:1  | Slain by a +7 halberd of flaming

Illustrated notes

Levels and vault maps discovered:
D:1:      doesnt_arrival_eight_statues, layout_loops_ring, serial_shops, shop
D:2:      layout_basic
D:3:      layout_loops_ring, mainiacjoe_overflow_brackets
D:4:      layout_layer_cave, nzn_wu_jian_council_hall,
          mainiacjoe_overflow_tiny_flanked, uniq_sigmund
D:5:      layout_loops_ring, kennysheep_orc_sif_temple, old_standard_altar,
          gup_sewer_entry_spiral, minmay_manual_mares, uniq_crazy_yiuf_cottage,
          uniq_eustachio, uniq_grinder
D:6:      kennysheep_spiral_hall, layout_gridville, lemuel_crystal_altar,
          uniq_pikel, uniq_maggie
D:7:      layout_gridville, elyvilon_altar_4, minmay_temple_entry_mist,
          serial_shops, shop, kennysheep_little_box, kennysheep_mini,
          enter_bailey_3
D:8:      layout_loops_cross, minitemple
D:9:      layout_cave_pods, gammafunk_temple_overflow_wave, uniq_erolcha,
          uniq_joseph
D:10:     layout_basic, erik_lair_orcish_takeover, grunt_ministairs_11,
          glass_columns_b
D:11:     layout_basic, serial_shops, nicolae_shop_tiny_statue_garden,
          nicolae_shop_vocational
D:12:     layout_loops_ring, orc_david_3, trove_entry_hex_spiral,
          hangedman_parallel_progression, uniq_azrael
D:13:     layout_loops_corners, erik_vaults_1, serial_shops, shop,
          grunt_ministairs_2
D:14:     layout_gridville, chequers_serial_rivers_micro_d, serial_shops,
          nicolae_shop_industrial_runoff, nicolae_shop_drivethru
D:15:     grunt_enter_depths_hoard, layout_long_grid, fedhas_altar_2,
          minivault_25, nicolae_lava_and_water, hangedman_decor_diamond_cutter,
          minmay_fire_ice_demons, uniq_nessos, uniq_jorgrun
Lair:1:   dreamdust_labyrinth, layout_gridlike, basic_altar
Lair:2:   layout_hall_layers
Lair:3:   layout_misc_corridors, shoals_dummy_entry,
          spider_nest_entry_web_field, st_stairs_4, minmay_stone_trees_medium,
          grunt_megastairs_4
Lair:4:   layout_small_grid, minmay_slime_entry_jelly_boxes, lemuel_fruit_tree,
          uniq_rupert, uniq_kirke, uniq_josephine
Lair:5:   hellmonk_lair_end_abyssal_woods, layout_layer_cave, st_stairs_13,
          worms_lemuel
Shoals:1: layout_shoals
Shoals:2: layout_shoals, ebering_ghost_xom
Shoals:3: layout_shoals, nzn_prometheus_bound
Shoals:4: shoals_end_hellmonk_storm_palace [storm_palace_center_ruins,
          storm_palace_corner_narrow, storm_palace_corner_pillars,
          storm_palace_corner_narrow, storm_palace_corner_blocked], uniq_nikola
Spider:1: layout_spider_delve
Spider:2: layout_cave_pods
Spider:3: layout_cave_pods, drop_trap, nicolae_spider_twisty_arc_passages,
          hangedman_spider_tarantella_strand
Spider:4: spider_rune_water
Orc:1:    layout_diamond_mine, serial_shops, nicolae_shop_overcharged_wands,
          uniq_urug, uniq_erica, uniq_fannar
Orc:2:    st_orc_congregation, layout_diamond_mine, uniq_snorg
Elf:1:    elf_arrival_001, layout_onion_city, serial_co_window_serial,
          co_window_paths_a, co_window_corner_a, co_window_paths_a,
          co_window_corner_a, co_window_corner_a, co_window_cross_2,
          co_window_of_opportunity_c, co_window_of_opportunity_c,
          co_window_2corner, glass_columns_b, glass_columns_c, serial_shops,
          nicolae_shop_rolling_square
Elf:2:    nicolae_elf_blades_crystal_corner, layout_geoelf_diagonals,
          portal_desolation_entry_holy_temple, drop_trap, grunt_ministairs_1,
          amcnicky_mini_corridor_feature, serial_sigils_hangedman_stare,
          minivault_23
Elf:3:    elf_hall, layout_loops_ring, minivault_16,
          minmay_checkered_concentric_circles
Vaults:1: nicolae_vaults_more_shelving_1, nicolae_vaults_house_1,
          hangedman_vaults_nodes, nicolae_vaults_border_crossing,
          nicolae_vaults_storing_the_good_stuff, v_misc_22, v_misc_3,
          layout_vaults_quadrants, serial_shops,
          nicolae_shop_bloodbath_and_beyond
Vaults:2: nicolae_vaults_closet_pinwheel_3, v_misc_10,
          vaults_room_stairs_pillars, ontoclasm_vaults_eye,
          nicolae_vaults_house_1, ontoclasm_vaults_spin,
          nicolae_vaults_shipping_containers_2, nicolae_vaults_diamond_2,
          ontoclasm_vaults_chip, vaults_room_corners, layout_vaults_big_room,
          uniq_margery
Vaults:3: advil_vaults_ghost_guards, nicolae_vaults_storage_closets_3,
          v_rooms_4, nicolae_vaults_trapezoid_1, hangedman_vaults_nails,
          minmay_crypt_entry_simple_corners, vaults_dpeg_hooks,
          grunt_vaults_focal, nicolae_vaults_you_can_take_it_with_you,
          v_misc_12, nicolae_vaults_little_squares_4,
          nicolae_vaults_more_shelving_2, layout_vaults_omnicross, serial_shops,
          shop, uniq_asterion
Crypt:1:  layout_basic, basic_altar, grunt_crypt_arrival_webbed, uniq_zenata,
          uniq_khufu

Skill      XL: |  1  2  3  4  5  6  7  8  9 10 11 12 13 14 15 16 17 18 19 20 |
---------------+-------------------------------------------------------------+-----
Axes           | 4 10 11 12 13 15 16 17 18 19 21 22 23 24 | 24.0
Stealth        | 1 5 6 7 9 10 12 13 14 | 14.7
Fighting       | 4 5 6 7 9 11 12 13 14 15 16 17 18 19 | 19.1
Armour         | 7 9 10 12 13 14 16 | 16.0
Ranged Weapons | 1 2 3 4 6 9 12 14 15 17 18 | 18.0
Evocations     | 1 4 5 7 8 9 10 | 10.7
Dodging        | 6 7 9 11 | 11.4
Throwing       | 4 7 |  7.3

Action                     |  1- 3 |  4- 6 |  7- 9 | 10-12 | 13-15 | 16-18 | 19-21 || total
---------------------------+-------+-------+-------+-------+-------+-------+-------++-------
  Melee: Hand axe          |     5 |       |       |       |       |       |       ||     5
         Whip              |    23 |       |       |       |       |       |       ||    23
         Headbutt          |     6 |     5 |    31 |    62 |   110 |   113 |   101 ||   428
         War axe           |    45 |    38 |   124 |   143 |       |       |       ||   350
         Punch             |       |     1 |     1 |     1 |       |       |       ||     3
         Halberd           |       |       |   146 |       |       |       |       ||   146
         Battleaxe         |       |       |       |   128 |   535 |     4 |       ||   667
         Dire flail        |       |       |       |     5 |     3 |       |       ||     8
         Executioner's axe |       |       |       |       |       |   521 |   425 ||   946
         Sacred scourge    |       |       |       |       |       |     9 |       ||     9
   Fire: Sling             |       |    17 |     6 |    75 |       |       |       ||    98
         Shortbow          |       |       |     8 |     4 |       |       |       ||    12
         Longbow           |       |       |       |   148 |   734 |   803 |   587 ||  2272
  Throw: Boomerang         |       |     1 |       |     1 |       |    13 |       ||    15
         Stone             |       |       |     1 |     1 |       |       |       ||     2
         Dart              |       |       |       |       |       |     3 |       ||     3
         Javelin           |       |       |       |       |       |     1 |     1 ||     2
 Invoke: Berserk           |       |     1 |     8 |    11 |    17 |    18 |     7 ||    62
         Trog's Hand       |       |     1 |    10 |    10 |    12 |    33 |    12 ||    78
         Brothers in Arms  |       |       |       |       |     1 |     1 |     2 ||     4
  Evoke: Wand              |       |       |     7 |     3 |     3 |     8 |     1 ||    22
         Phial of floods   |       |       |       |       |     3 |     1 |       ||     4
         Box of beasts     |       |       |       |       |     1 |       |       ||     1
         Condenser vane    |       |       |       |       |     1 |     2 |       ||     3
    Use: Scroll            |     2 |     3 |    11 |    16 |    13 |     5 |     4 ||    54
         Potion            |       |     2 |       |       |     1 |    11 |     4 ||    18
   Stab: Sleeping          |       |       |     2 |       |       |       |       ||     2
 Armour: Scale mail        |    37 |    14 |    11 |       |       |       |       ||    62
         Chain mail        |       |       |    94 |     3 |       |       |       ||    97
         Acid dragon scale |       |       |       |    43 |       |       |       ||    43
         Gold dragon scale |       |       |       |   193 |   501 |   883 |   376 ||  1953
  Dodge: Dodged            |    34 |    23 |   116 |   164 |   225 |   493 |   337 ||  1392
         Repelled          |       |       |       |       |       |     8 |    12 ||    20
  Block: Other             |     4 |    11 |    20 |    21 |    82 |    67 |    99 ||   304
         Reflection        |       |       |     2 |     2 |    16 |    17 |    16 ||    53
